 Dungeon Crawl Stone Soup version 0.15.2 (webtiles) character file.

80 Heini the Skirmisher (level 4, -3/42 HPs)
             Began as a Minotaur Fighter on Mar 15, 2015.
             Slain by an orc
             ... wielding a +0 falchion
              (4 damage)
             ... on Level 3 of the Dungeon.
             The game lasted 00:02:16 (1578 turns).

Heini the Skirmisher (Minotaur Fighter)             Turns: 1578, Time: 00:02:17

HP  -3/42        AC  7     Str 22      XL: 4   Next: 18%
MP   2/2         EV  6     Int  5      God:
Gold 147         SH  9     Dex  9      Spells:  0 memorised,  3 levels left

rFire  . . .     SeeInvis .     a - +0 flail
rCold  . . .     Clarity  .     b - +0 scale mail
rNeg   . . .     rCorr    .     c - +0 shield
rPois  .         rRot     .     (helmet restricted)
rElec  .         Spirit   .     (no cloak)
SustAb .         Warding  .     (no gloves)
rMut   .         Stasis   .     (no boots)
Gourm  .                        (no amulet)
MR     .....                    (no ring)
                                (no ring)

@: not resistant to hostile enchantments, extremely unstealthy
A: retaliatory headbutt, horns 2
a: no special abilities


You were on level 3 of the Dungeon.
You were not hungry.

You visited 1 branch of the dungeon, and saw 3 of its levels.

You collected 147 gold pieces.

Inventory:

Hand weapons
 a - a +0 flail (weapon)
Armour
 b - a +0 scale mail (worn)
 c - a +0 shield (worn)
Comestibles
 d - 3 bread rations
 g - 3 meat rations
 i - 8 fruits
 n - a slice of pizza
 q - a chunk of worm flesh
 r - a chunk of quokka flesh
Scrolls
 f - 5 scrolls of remove curse {unknown}
 j - a scroll of teleportation {unknown}
 k - 4 scrolls of identify {unknown}
 p - a scroll of enchant armour {unknown}
Potions
 e - a potion of might
 h - a potion of restore abilities {unknown}
 l - 2 potions of confusion {unknown}
 m - a potion of agility {unknown}
 o - a potion of cancellation {unknown}
 s - a potion of brilliance {unknown}


   Skills:
 * Level 5.0 Fighting
 * Level 3.1 Maces & Flails
 * Level 4.6 Armour
 - Level 3.6 Shields


You had 3 spell levels left.
You didn't know any spells.

Dungeon Overview and Level Annotations

Branches:
Dungeon (3/15)

Altars:
Xom


Innate Abilities, Weirdness & Mutations

You reflexively headbutt those who attack you in melee.
You have a pair of horns on your head.


Message History

a dagger; an orc corpse You barely miss the orc priest.
You headbutt the orc priest!
The orc priest is heavily wounded.
The orc wizard looks braver.
The orc hits you with a falchion.
The orc priest hits you but does no damage.
You hit the orc priest but do no damage.
The orc priest is heavily wounded.
The orc hits you with a falchion.
The orc priest mumbles some strange prayers to Beogh against you.
Something smites you!
* * * LOW HITPOINT WARNING * * *
You closely miss the orc priest.
The orc priest is heavily wounded.
The orc priest invokes the aid of Beogh against you.
Something smites you!
* * * LOW HITPOINT WARNING * * *
The orc hits you but does no damage. The orc hits you with a falchion.
You die...

.........# ##.......#
##.......# #........#
......#### ..#.#.#####
#.........# #
#.##......#############$..##
................@o..........
..##......#######o#####..!##
....%.....# #.# #
......#..## #o# ......#..##
#.# #######...# #.#####...#
#.#.# #.$.......#
#.#.#######........##
#.........#....o...#


You could see an orc priest, an orc wizard and an orc.

Vanquished Creatures
  2 adders (D:3)
  3 gnolls (D:2)
  A worm (D:3)
  2 orcs (D:3)
  4 bats
  A giant cockroach (D:1)
  5 hobgoblins
  A quokka (D:3)
  4 giant newts
  4 goblins
  6 rats
33 creatures vanquished.

Notes
Turn   | Place    | Note
--------------------------------------------------------------
     0 | D:1      | Heini, the Minotaur Fighter, began the quest for the Orb.
     0 | D:1      | Reached XP level 1. HP: 19/19 MP: 1/1
    92 | D:1      | Reached XP level 2. HP: 25/27 MP: 1/1
    95 | D:1      | Reached skill level 4 in Fighting
   865 | D:2      | Reached XP level 3. HP: 23/34 MP: 2/2
  1444 | D:3      | Reached XP level 4. HP: 39/41 MP: 2/2
  1523 | D:3      | Found a shimmering altar of Xom.
  1573 | D:3      | Reached skill level 5 in Fighting
  1577 | D:3      | HP: 1/42 [orc priest/divine providence (10)]
  1578 | D:3      | Slain by an orc

Action                   |  1- 3 |  4- 6 || total
-------------------------+-------+-------++-------
Melee: Flail             |    67 |    15 ||    82
  Eat: Chunk             |     1 |     1 ||     2
